TOP OF THE 1ST |
Hogsmeade Cauldrons batting - Pitching for Columbia River Rats : RHP Roberto Cabrera
|
Pitching: RHP Roberto Cabrera
|
|
Batting: RHB Jay Parker
|
0-0: Fly out, F9 (Flyball, 89M)
|
Batting: RHB Héctor Cantú
|
0-0: Ball 1-0: Foul Ball, location: 2F 1-1: Called Strike 1-2: Ball 2-2: Strikes out swinging
|
Batting: SHB Emílio Gonzáles
|
0-0: Ball 1-0: Foul Ball, location: 2F 1-1: Ground out 4-3 (Groundball, 4)
|
Top of the 1st over - 0 run(s), 0 hit(s), 0 error(s), 0 left on base; Hogsmeade 0 - Columbia 0 |
BOTTOM OF THE 1ST |
Columbia River Rats batting - Pitching for Hogsmeade Cauldrons : LHP Octávio Ríos
|
Pitching: LHP Octávio Ríos
|
|
Batting: RHB Víctor López
|
0-0: Fly out, F4 (Popup, 4)
|
Batting: SHB Craig Barnes
|
0-0: Called Strike 0-1: Ball 1-1: SINGLE (Groundball, 4D)
|
Batting: RHB José Rivera
|
0-0: Ball 1-0: Ground out 5-3 (Groundball, 56S) Craig Barnes to second
|
Batting: SHB Jorge González
|
0-0: Foul Ball, location: 2F 0-1: Ball 1-1: Ground out 5-3 (Groundball, 56)
|
Bottom of the 1st over - 0 run(s), 1 hit(s), 0 error(s), 1 left on base; Hogsmeade 0 - Columbia 0 |
TOP OF THE 2ND |
Hogsmeade Cauldrons batting - Pitching for Columbia River Rats : RHP Roberto Cabrera
|
Batting: RHB Raúl Reyna
|
0-0: Ball 1-0: Called Strike 1-1: Ground out 3-1 (Groundball, 34)
|
Batting: SHB Joe Werner
|
0-0: Ground out 4-3 (Groundball, 4)
|
Batting: RHB Jong-duk Kim
|
0-0: Foul Ball, location: 2F 0-1: Ground out 6-3 (Groundball, 6M)
|
Top of the 2nd over - 0 run(s), 0 hit(s), 0 error(s), 0 left on base; Hogsmeade 0 - Columbia 0 |
BOTTOM OF THE 2ND |
Columbia River Rats batting - Pitching for Hogsmeade Cauldrons : LHP Octávio Ríos
|
Batting: RHB Luis Alomar
|
0-0: Called Strike 0-1: Foul Ball, location: 2F 0-2: Strikes out swinging
|
Batting: RHB Paco Vásquez
|
0-0: Ground out 4-3 (Groundball, 4S)
|
Batting: RHB Fernando Silva
|
0-0: Ball 1-0: Called Strike 1-1: Called Strike 1-2: Fly out, F8 (Flyball, 8RS)
|
Bottom of the 2nd over - 0 run(s), 0 hit(s), 0 error(s), 0 left on base; Hogsmeade 0 - Columbia 0 |
TOP OF THE 3RD |
Hogsmeade Cauldrons batting - Pitching for Columbia River Rats : RHP Roberto Cabrera
|
Batting: RHB Miguel Torres
|
0-0: Ball 1-0: Fly out, F7 (Flyball, 7M)
|
Batting: RHB John Townsend
|
0-0: Ball 1-0: Swinging Strike 1-1: Ball 2-1: Ball 3-1: Base on Balls
|
Batting: SHB Arturo Romero
|
0-0: Called Strike 0-1: Foul Ball, location: 2F 0-2: Ball 1-2: Ball 2-2: Ball 3-2: Base on Balls John Townsend to second
|
Batting: RHB Jay Parker
|
0-0: Ball 1-0: Called Strike 1-1: Foul Ball, location: 2F 1-2: Strikes out swinging
|
Batting: RHB Héctor Cantú
|
0-0: Ball 1-0: Ball 2-0: Swinging Strike 2-1: Foul Ball, location: 2F 2-2: Ball 3-2: Foul Ball, location: 2F 3-2: Strikes out swinging
|
Top of the 3rd over - 0 run(s), 0 hit(s), 0 error(s), 2 left on base; Hogsmeade 0 - Columbia 0 |
BOTTOM OF THE 3RD |
Columbia River Rats batting - Pitching for Hogsmeade Cauldrons : LHP Octávio Ríos
|
Batting: LHB Robert Adams
|
0-0: Ball 1-0: Called Strike 1-1: Fly out, F7 (Flyball, 78M)
|
Batting: RHB Bryce Bancroft
|
0-0: Fly out, F9 (Flyball, 9M)
|
Batting: RHB Víctor López
|
0-0: Ball 1-0: Foul Ball, location: 2F 1-1: Ball 2-1: Ball 3-1: Called Strike 3-2: Fly out, F8 (Flyball, 8RM)
|
Bottom of the 3rd over - 0 run(s), 0 hit(s), 0 error(s), 0 left on base; Hogsmeade 0 - Columbia 0 |
TOP OF THE 4TH |
Hogsmeade Cauldrons batting - Pitching for Columbia River Rats : RHP Roberto Cabrera
|
Batting: SHB Emílio Gonzáles
|
0-0: Foul Ball, location: 2F 0-1: Foul Ball, location: 2F 0-2: Fly out, F8 (Flyball, 8RXD)
|
Batting: RHB Raúl Reyna
|
0-0: Ball 1-0: Ball 2-0: SINGLE (Flyball, 9LS)
|
Batting: SHB Joe Werner
|
0-0: Called Strike 0-1: Called Strike 0-2: SINGLE (Line Drive, 89S) Raúl Reyna to second
|
Batting: RHB Jong-duk Kim
|
0-0: Foul Ball, location: 2F 0-1: Fly out, F9 (Flyball, 9LMF)
|
Batting: RHB Miguel Torres
|
0-0: Ball 1-0: Ball 2-0: Called Strike 2-1: DOUBLE (Line Drive, 8RM) Raúl Reyna scores Joe Werner to third
|
Batting: RHB John Townsend
|
0-0: Ball 1-0: Called Strike 1-1: Foul Ball, location: 2F 1-2: Ball 2-2: Foul Ball, location: 2F 2-2: Foul Ball, location: 2F 2-2: Ball 3-2: Base on Balls
|
Batting: SHB Arturo Romero
|
0-0: Called Strike 0-1: Ball 1-1: Fly out, F6 (Popup, 6M)
|
Top of the 4th over - 1 run(s), 3 hit(s), 0 error(s), 3 left on base; Hogsmeade 1 - Columbia 0 |
BOTTOM OF THE 4TH |
Columbia River Rats batting - Pitching for Hogsmeade Cauldrons : LHP Octávio Ríos
|
Batting: SHB Craig Barnes
|
0-0: Ball 1-0: Called Strike 1-1: Fly out, F9 (Flyball, 9LM)
|
Batting: RHB José Rivera
|
0-0: Called Strike 0-1: Ball 1-1: Called Strike 1-2: Ball 2-2: Foul Ball, location: 2F 2-2: Foul Ball, location: 2F 2-2: Ball 3-2: Foul Ball, location: 2F 3-2: Foul Ball, location: 2F 3-2: Base on Balls
|
Batting: SHB Jorge González
|
0-0: Ball 1-0: Fly out, F7 (Flyball, 7M)
|
Batting: RHB Luis Alomar
|
0-0: SINGLE (Groundball, 56D) José Rivera to second
|
Batting: RHB Paco Vásquez
|
0-0: Called Strike 0-1: Called Strike 0-2: Strikes out swinging
|
Bottom of the 4th over - 0 run(s), 1 hit(s), 0 error(s), 2 left on base; Hogsmeade 1 - Columbia 0 |
TOP OF THE 5TH |
Hogsmeade Cauldrons batting - Pitching for Columbia River Rats : RHP Roberto Cabrera
|
Batting: RHB Jay Parker
|
0-0: Swinging Strike 0-1: SINGLE (Flyball, 8RM)
|
Batting: RHB Héctor Cantú
|
0-0: Ball 1-0: Bunt missed! 1-1: Sac Bunt - play at first, batter OUT! 1-4 Jay Parker to second
|
Batting: SHB Emílio Gonzáles
|
0-0: Intentional Walk
|
Batting: RHB Raúl Reyna
|
0-0: Called Strike 0-1: Ball 1-1: Foul Ball, location: 2F 1-2: Foul Ball, location: 2F 1-2: Grounds into double play, 4-6-3 (Groundball, 4)
|
Top of the 5th over - 0 run(s), 1 hit(s), 0 error(s), 1 left on base; Hogsmeade 1 - Columbia 0 |
BOTTOM OF THE 5TH |
Columbia River Rats batting - Pitching for Hogsmeade Cauldrons : LHP Octávio Ríos
|
Batting: RHB Fernando Silva
|
0-0: Called Strike 0-1: Foul Ball, location: 2F 0-2: Ball 1-2: Ball 2-2: Foul Ball, location: 2F 2-2: Foul Ball, location: 2F 2-2: Strikes out looking
|
Batting: LHB Robert Adams
|
0-0: Ground out 4-3 (Groundball, 4M)
|
Batting: RHB Bryce Bancroft
|
0-0: DOUBLE (Groundball, 3D)
|
Batting: RHB Víctor López
|
0-0: Called Strike 0-1: Ground out 5-3 (Groundball, 56)
|
Bottom of the 5th over - 0 run(s), 1 hit(s), 0 error(s), 1 left on base; Hogsmeade 1 - Columbia 0 |
TOP OF THE 6TH |
Hogsmeade Cauldrons batting - Pitching for Columbia River Rats : RHP Roberto Cabrera
|
Batting: SHB Joe Werner
|
0-0: Ball 1-0: Called Strike 1-1: Ball 2-1: Ground out 3-1 (Groundball, 3)
|
Batting: RHB Jong-duk Kim
|
0-0: Ball 1-0: Ball 2-0: Ball 3-0: Base on Balls
|
Batting: RHB Miguel Torres
|
0-0: SINGLE (Line Drive, 56D) Jong-duk Kim to second
|
Batting: RHB John Townsend
|
0-0: Called Strike 0-1: Ball 1-1: SINGLE (Line Drive, 4MD) Jong-duk Kim to third Miguel Torres to second
|
Batting: SHB Arturo Romero
|
0-0: Foul Ball, location: 2F 0-1: Called Strike 0-2: Ball 1-2: Strikes out swinging
|
Batting: RHB Jay Parker
|
0-0: Called Strike 0-1: Ball 1-1: Foul Ball, location: 2F 1-2: Ball 2-2: SINGLE (Line Drive, 89M) Jong-duk Kim scores Miguel Torres to third John Townsend to second Runner from 3rd tries for Home, throw and OUT!
|
Top of the 6th over - 1 run(s), 3 hit(s), 0 error(s), 2 left on base; Hogsmeade 2 - Columbia 0 |
BOTTOM OF THE 6TH |
Columbia River Rats batting - Pitching for Hogsmeade Cauldrons : LHP Octávio Ríos
|
Batting: SHB Craig Barnes
|
0-0: SINGLE (Groundball, 4MD)
|
Batting: RHB José Rivera
|
0-0: Called Strike 0-1: Ball 1-1: Swinging Strike 1-2: Fly out, F3 (Popup, 3SF)
|
Batting: SHB Jorge González
|
0-0: Ball 1-0: Foul Ball, location: 2F 1-1: Foul Ball, location: 2F 1-2: Ball 2-2: Ground out 3-1 (Groundball, 34) Craig Barnes to second
|
Batting: RHB Luis Alomar
|
0-0: Fly out, F7 (Flyball, 7M)
|
Bottom of the 6th over - 0 run(s), 1 hit(s), 0 error(s), 1 left on base; Hogsmeade 2 - Columbia 0 |
TOP OF THE 7TH |
Hogsmeade Cauldrons batting - Pitching for Columbia River Rats : RHP Roberto Cabrera
|
Batting: RHB Héctor Cantú
|
0-0: Ball 1-0: Ball 2-0: Ball 3-0: Base on Balls
|
Batting: SHB Emílio Gonzáles
|
Pickoff Throw to First - Out! 0-0: Foul Ball, location: 2F 0-1: Ball 1-1: Foul Ball, location: 2F 1-2: Strikes out swinging
|
Batting: RHB Raúl Reyna
|
0-0: SINGLE (Groundball, 6MD)
|
Batting: SHB Joe Werner
|
0-0: Called Strike Raúl Reyna steals 2nd base 0-1: Called Strike 0-2: Ball 1-2: Ball 2-2: Foul Ball, location: 2F 2-2: SINGLE (Groundball, 34D) (infield hit) Raúl Reyna to third
|
Pinch Hitting: LHB Jim Unknown
|
0-0: Ball 1-0: Fly out, F9 (Line Drive, 9M)
|
Top of the 7th over - 0 run(s), 2 hit(s), 0 error(s), 2 left on base; Hogsmeade 2 - Columbia 0 |
BOTTOM OF THE 7TH |
Columbia River Rats batting - Pitching for Hogsmeade Cauldrons : LHP Octávio Ríos
|
Now at SS: Jim Unknown
|
|
Batting: RHB Paco Vásquez
|
0-0: Ball 1-0: Ball 2-0: Called Strike 2-1: Ground out 5-3 (Groundball, 5L)
|
Batting: RHB Fernando Silva
|
0-0: Called Strike 0-1: Called Strike 0-2: Ball 1-2: Foul Ball, location: 2F 1-2: Strikes out swinging
|
Batting: LHB Robert Adams
|
0-0: Ball 1-0: Called Strike 1-1: Reached on error, E3 (Groundball, 34)
|
Batting: RHB Bryce Bancroft
|
0-0: Called Strike 0-1: Swinging Strike 0-2: Strikes out looking
|
Bottom of the 7th over - 0 run(s), 0 hit(s), 1 error(s), 1 left on base; Hogsmeade 2 - Columbia 0 |
TOP OF THE 8TH |
Hogsmeade Cauldrons batting - Pitching for Columbia River Rats : RHP Roberto Cabrera
|
Batting: RHB Miguel Torres
|
0-0: Ground out 5-3 (Groundball, 5)
|
Batting: RHB John Townsend
|
0-0: Ball 1-0: DOUBLE (Flyball, 9S)
|
Batting: SHB Arturo Romero
|
0-0: Ball 1-0: Ball 2-0: Called Strike 2-1: Called Strike 2-2: Foul Ball, location: 2F 2-2: Strikes out swinging
|
Pitching: LHP Carlos Alou
|
|
Batting: RHB Jay Parker
|
0-0: Called Strike 0-1: Swinging Strike 0-2: Strikes out swinging
|
Top of the 8th over - 0 run(s), 1 hit(s), 0 error(s), 1 left on base; Hogsmeade 2 - Columbia 0 |
BOTTOM OF THE 8TH |
Columbia River Rats batting - Pitching for Hogsmeade Cauldrons : LHP Octávio Ríos
|
Batting: RHB Víctor López
|
0-0: SINGLE (Line Drive, 4D)
|
Batting: SHB Craig Barnes
|
0-0: Fly out, F8 (Flyball, 8LM)
|
Batting: RHB José Rivera
|
0-0: SINGLE (Groundball, 6MD) Víctor López to second Runner from 2nd tries for 3rd, SAFE, no throw or cutoff
|
Batting: SHB Jorge González
|
0-0: Called Strike 0-1: Ball 1-1: Foul Ball, location: 2F 1-2: Grounds into double play, 5-4-3 (Groundball, 56)
|
Bottom of the 8th over - 0 run(s), 2 hit(s), 0 error(s), 1 left on base; Hogsmeade 2 - Columbia 0 |
TOP OF THE 9TH |
Hogsmeade Cauldrons batting - Pitching for Columbia River Rats : LHP Carlos Alou
|
Pitching: LHP Jim Unknown
|
|
Batting: RHB Héctor Cantú
|
0-0: Ball 1-0: Fly out, F6 (Line Drive, 6)
|
Pitching: LHP Joaquín Ramírez
|
|
Batting: SHB Emílio Gonzáles
|
0-0: Ball 1-0: Foul Ball, location: 2F 1-1: Called Strike 1-2: Strikes out swinging
|
Batting: RHB Raúl Reyna
|
0-0: Ball 1-0: Called Strike 1-1: Swinging Strike 1-2: Ball 2-2: Strikes out swinging
|
Top of the 9th over - 0 run(s), 0 hit(s), 0 error(s), 0 left on base; Hogsmeade 2 - Columbia 0 |
BOTTOM OF THE 9TH |
Columbia River Rats batting - Pitching for Hogsmeade Cauldrons : LHP Octávio Ríos
|
Batting: RHB Luis Alomar
|
0-0: Called Strike 0-1: Foul Ball, location: 2F 0-2: Strikes out swinging
|
Batting: RHB Paco Vásquez
|
0-0: Called Strike 0-1: Ball 1-1: Ball 2-1: Swinging Strike 2-2: Strikes out looking
|
Batting: RHB Fernando Silva
|
0-0: Fly out, F9 (Flyball, 9M)
|
Bottom of the 9th over - 0 run(s), 0 hit(s), 0 error(s), 0 left on base; Hogsmeade 2 - Columbia 0 |
|